 Dungeon Crawl Stone Soup version 0.30.0-30-g96aa6591b8 (webtiles) character file.

Game seed: 16873484044993950334

1509 Peloso the Protected (level 8, -3/65 (69) HPs)
             Began as a Minotaur Fighter on June 27, 2023.
             Was a Believer of Okawaru.
             Shot with a bolt by something (16 damage)
             ... on level 6 of the Dungeon.
             The game lasted 00:15:35 (7350 turns).

Peloso the Protected (Minotaur Fighter)             Turns: 7350, Time: 00:15:35

HP:   -3/65 (69)    AC: 12    Str: 28    XL:     8   Next: 53%
MP:   7/7           EV: 10    Int:  1    God:    Okawaru [**....]
Gold: 111           SH:  5    Dex: 12    Spells: 7/7 levels left

rFire   . . .        a - +0 long sword
rCold   . . .        d - +0 buckler
rNeg    + . .        t - +1 chain mail "Ymucapno" {rN+ Str+7 Int-4 Stlth+}
rPois   .            (helmet restricted)
rElec   .            (no cloak)
rCorr   .            (no gloves)
SInv    .            (no boots)
Will    .....        (no amulet) Stlth
                     (no ring)
HPRegen 0.30/turn    (no ring)
MPRegen 0.10/turn

%: no passive effects
@: drained
A: horns 2, retaliatory headbutt
a: Renounce Religion, Heroism


You were on level 6 of the Dungeon.
You worshipped Okawaru.
Okawaru was pleased with you.
You visited 2 branches of the dungeon, and saw 7 of its levels.
You also visited: Sewer.

You collected 358 gold pieces.
You spent 247 gold pieces at shops.

Inventory:

Hand Weapons
 a - a +0 long sword (weapon)
Armour
 c - a +0 plate armour
 d - a +0 buckler (worn)
 t - the +1 chain mail "Ymucapno" (worn) {rN+ Str+7 Int-4 Stlth+}
   (You bought it in a shop on level 2 of the Dungeon)

   Str:       It affects your strength (+7).
   Int:       It affects your intelligence (-4).
   rN:        It protects you from negative energy.
   Stlth:     It makes you more stealthy.
Magical Staves
 b - a staff of fire
Jewellery
 s - the ring of Zoobex {Fire Dex+5 SInv}
   (You found it on level 4 of the Dungeon)

   [ring of fire]

   It enhances your fire magic.
   Dex:       It affects your dexterity (+5).
   rF:        It protects you from fire.
   rC:        It makes you vulnerable to cold.
   SInv:      It lets you see invisible.
 v - a ring of fire
 w - a +5 ring of evasion
Wands
 j - a wand of mindburst (14)
Scrolls
 e - 3 scrolls of poison
 i - 2 scrolls of teleportation
 k - a scroll of magic mapping
 o - 2 scrolls of immolation
 q - a scroll of fear
 r - 3 scrolls of fog {unknown}
 x - a scroll of acquirement {unknown}
 y - a scroll of enchant weapon {unknown}
Potions
 f - 2 potions of experience
 g - 3 potions of might
 l - 2 potions of cancellation
 m - 2 potions of mutation {unknown}
 n - 2 potions of magic {unknown}
 p - 2 potions of haste
 u - a potion of flight {unknown}


   Skills:
 + Level 5.5 Fighting
 + Level 8.0 Long Blades
 + Level 8.4 Armour
 + Level 2.9 Dodging
 + Level 0.4 Stealth
 + Level 5.3 Shields


You had 7 spell levels left.
You didn't know any spells.
Your spell library contained the following spells:

 Spells                   Type           Power      Damage    Failure   Level
 Dazzling Flash           Conj/Hex       0%         N/A       100%        3
 Volatile Blastmotes      Fire/Tloc      0%         2d10      100%        3
 Iskenderun's Mystic Bla  Conj/Tloc      0%         2d3       100%        4
 Starburst                Conj/Fire      0%         6d3       100%        6


Dungeon Overview and Level Annotations

Branches:
Dungeon (6/15)             Temple (1/1) D:4           Sewer (visited)

Altars:
Ashenzari
Cheibriados
Elyvilon
Gozag
Hepliaklqana
Nemelex Xobeh
Okawaru
Qazlal
Ru
Xom

Shops:
D:2 [   D:4 [

Annotations:
D:4 3 runed translucent doors, peterlawrence's ghost, amateur MiFi


Innate Abilities, Weirdness & Mutations

You have a pair of horns on your head.
You reflexively headbutt those who attack you in melee.


Message History

The orc warrior unwields a +0 scimitar.
The orc warrior wields a +2 arbalest of draining.
You sense an unholy aura.
The orc warrior shoots a bolt.
The bolt hits you. You partially resist.
You feel drained.
The orc warrior unwields a +2 arbalest of draining.
The orc warrior wields a +0 scimitar.
The orc warrior hits you with a +0 scimitar.
You closely miss the orc warrior.
The orc warrior hits you with a +0 scimitar!
You hit the orc warrior.
You headbutt the orc warrior, but do no damage.
The orc warrior is lightly wounded.
The orc warrior drinks a potion.
The orc warrior flickers and vanishes!
Deactivating autopickup; reactivate with Ctrl-A.
You closely miss something.
You hear a shout!
An orc comes into view. It is wielding a +0 club.
You slash the orc!
You kill the orc!
Okawaru accepts your kill. Something hits you but does no damage.
You block something's attack.
Items here: $ ) = [ †.
Something hits you but does no damage. Something hits you but does no damage.
Items here: $ ) = [ †.
Okay, then.
Something hits you!
You hear a crossbow thunk.
A bolt appears from out of thin air!
The bolt hits you! You partially resist.
You feel drained.
You hear a shout!
You hear a crossbow thunk.
A bolt appears from out of thin air!
The bolt hits you!
* * * LOW HITPOINT WARNING * * *
You partially resist.
You feel drained.
* * * LOW HITPOINT WARNING * * *
You hear a crossbow thunk.
A bolt appears from out of thin air!
The bolt hits you!
You die...

####### #.# ....... #.#
##..... ###.####...
.#.###. #..........
.#.## # #.#)#####..
)...##.#####.#)#
..........[.÷<.#
....########...#####..##
...[.##.........@.......
......<.####.)######..##
.....#### #.........
.(..## ##.####### ##.##
#... ### #####


There were no monsters in sight!

Vanquished Creatures
  2 orc warriors
  An ogre (D:4)
  A centaur (D:6)
  2 phantoms
  5 scorpions
  A jelly (D:5)
  4 hounds
  An orc priest (D:6)
  2 sleepcaps
  3 iguanas
  3 orc wizards
  9 adders
  5 river rats
  A shadow imp (D:5)
  2 white imps
  An ufetubus (D:4)
  2 worms
  2 dart slugs
  20 orcs
  7 endoplasms
  7 giant cockroaches
  6 goblins
  12 hobgoblins
  9 jackals
  7 quokkas
  18 ball pythons
  4 bats
  5 frilled lizards
  24 kobolds
  27 rats
193 creatures vanquished.

Notes
Turn   | Place    | Note
-------+----------+-------------------------------------------
     0 | D:1      | Peloso the Minotaur Fighter began the quest for the Orb.
     0 | D:1      | Reached XP level 1. HP: 19/19 MP: 0/0
   221 | D:1      | Reached XP level 2. HP: 27/27 MP: 1/1
   390 | D:1      | You fall into a shaft and drop 1 floor!
   464 | D:2      | Reached XP level 3. HP: 27/33 MP: 2/2
   820 | D:2      | Found a shimmering altar of Xom.
  1150 | D:1      | Reached XP level 4. HP: 40/40 MP: 3/3
  1315 | D:2      | Found Ympa's Antique Armour Emporium.
  1403 | D:2      | Reached skill level 1 in Dodging
  1885 | D:3      | Reached XP level 5. HP: 23/47 MP: 4/4
  1898 | D:3      | Found a faded altar of an unknown god.
  2084 | D:3      | Found a glowing drain.
  2091 | Sewer    | Entered a sewer
  2285 | Sewer    | Reached skill level 5 in Armour
  3736 | D:3      | Reached XP level 6. HP: 53/53 MP: 5/5
  4136 | D:4      | Found a staircase to the Ecumenical Temple.
  4145 | Temple   | Entered the Ecumenical Temple
  4152 | Temple   | Became a worshipper of Warmaster Okawaru
  4175 | Temple   | Reached skill level 5 in Long Blades
  4609 | D:4      | Found Ilodghepta's Armour Shop.
  4824 | D:4      | Reached * piety under Okawaru
  4825 | D:4      | Reached XP level 7. HP: 28/60 MP: 6/6
  5246 | D:4      | Identified the ring of Zoobex {Fire Dex+5 SInv}
  5357 | D:4      | Found a runed translucent gate.
  5357 | D:4      | Found a runed translucent gate.
  5357 | D:4      | Found a runed translucent gate.
  5357 | D:4      | Noticed peterlawrence's ghost (amateur MiFi)
  5386 | D:4      | Reached skill level 5 in Fighting
  5475 | D:2      | Bought a bloodstained chain mail for 247 gold pieces
  5475 | D:2      | Identified the +1 chain mail "Ymucapno" {rN+ Str+7 Int-4
                  | Stlth+} (You bought it in a shop on level 2 of the Dungeon)
  5532 | D:5      | Entered Level 5 of the Dungeon
  6091 | D:5      | Found a stormy altar of Qazlal.
  6145 | D:5      | Reached XP level 8. HP: 51/68 MP: 7/7
  6673 | D:6      | Reached skill level 5 in Shields
  6761 | D:6      | Reached ** piety under Okawaru
  7119 | D:6      | HP: 2/69 [orc warrior/+0 battleaxe (10)]
  7350 | D:6      | Shot with a bolt by something

Illustrated notes

Levels and vault maps discovered:
D:1:      wander_arrival_estate, layout_loops_cross
D:2:      minmay_wonky_spiral, layout_loops_corners, serial_shops,
          nicolae_shop_real_fake_doors, basic_altar
D:3:      layout_basic, basic_ecumenical_altar, gup_sewer_entry_bubbles,
          kennysheep_generic_room_4
D:4:      minmay_octagon_keep, layout_loops_ring, minmay_temple_entry_mist,
          serial_shops, nicolae_shop_hallway_stairs,
          gammafunk_ghost_nasty_kobolds
D:5:      layout_basic, old_standard_altar
D:6:      layout_loops_ring, minmay_circle_x
Temple:   nicolae_temple_bog_church

Skill      XL: |  1  2  3  4  5  6  7  8 |
---------------+-------------------------+-----
Armour         | 4 5 6 7 8 |  8.4
Fighting       | 4 5 |  5.5
Shields        | 4 5 |  5.3
Long Blades    | 3 4 6 7 8 |  8.0
Dodging        | 1 2 |  2.9
Stealth        | |  0.4

Action                     |  1- 3 |  4- 6 |  7- 9 || total
---------------------------+-------+-------+-------++-------
  Melee: Long sword        |    85 |   268 |   167 ||   520
         Headbutt          |     5 |    40 |    25 ||    70
 Invoke: Heroism           |       |       |     1 ||     1
    Use: Potion            |     1 |     1 |     2 ||     4
         Scroll            |       |    11 |     2 ||    13
 Armour: Scale mail        |    11 |       |       ||    11
         Chain mail        |    55 |   146 |    70 ||   271
  Dodge: Dodged            |    43 |   121 |    60 ||   224
  Block: Buckler           |    20 |    75 |    33 ||   128
